 Dungeon Crawl Stone Soup version 0.27-a0-1324-ge0d8e047f6 (webtiles) character file.

Game seed: 9320845988523946428

3927 Delamore the Spear-Bearer (level 10, -1/74 HPs)
             Began as a Formicid Fighter on June 23, 2021.
             Was an Initiate of Gozag.
             Shot with an arrow by a centaur warrior (26 damage)
             ... on level 8 of the Dungeon.
             The game lasted 00:10:01 (9197 turns).

Delamore the Spear-Bearer (Formicid Fighter)        Turns: 9197, Time: 00:10:02

Health: -1/74      AC: 12    Str: 23    XL:     10   Next: 44%
Magic:  10/10      EV:  8    Int:  9    God:    Gozag
Gold:   880        SH:  4    Dex: 10    Spells: 9/9 levels left

rFire    + . .     SeeInvis +   a - +1 trident
rCold    . . .     Faith    .   l - +0 buckler
rNeg     . . .     Spirit   .   t - +0 chain mail {rF+}
rPois    .         Reflect  .   (helmet unavailable)
rElec    .         Harm     .   u - +0 cloak
rCorr    .         Rampage  .   (no gloves)
Will     ++...                  F - +1 pair of boots
Stlth    ..........             i - amulet of regeneration
HPRegen  1.22/turn              n - ring of willpower
MPRegen  0.12/turn              H - +4 ring of slaying

@: no status effects
A: permanent stasis, dig shafts and tunnels, antennae 3, four strong arms
a: Dig, Shaft Self, Renounce Religion, Potion Petition, Call Merchant, Bribe
Branch


You were on level 8 of the Dungeon.
You worshipped Gozag.
Gozag was pleased with you.
You visited 2 branches of the dungeon, and saw 9 of its levels.
You also visited: Sewer.

You collected 1112 gold pieces.
You spent 182 gold pieces at shops.
You paid 50 gold pieces to Gozag.

Inventory:

Hand Weapons
 a - a +1 trident (weapon)
Missiles
 j - 5 boomerangs of dispersal
 p - a throwing net
 q - 6 boomerangs (quivered)
 w - 2 curare-tipped darts
 A - 19 poisoned darts
Armour
 c - a +0 kite shield
 h - a +0 pair of boots
 l - a +0 buckler (worn)
 t - a +0 chain mail of fire resistance (worn)
 u - a +0 cloak (worn)
 F - a +1 pair of boots (worn)
Jewellery
 b - a ring of flight
 i - an amulet of regeneration (around neck)
 n - a ring of willpower (left hand)
 y - a ring of willpower
 H - a +4 ring of slaying (right hand)
Wands
 s - a wand of paralysis (15)
 G - a wand of iceblast (2)
Scrolls
 r - 2 scrolls of enchant weapon
 x - a scroll of fog
 B - a scroll of summoning
 C - a scroll of torment
 D - a scroll of fear
 E - a scroll of magic mapping
 I - a scroll of identify
 J - a scroll of holy word {unknown}
Potions
 d - 3 potions of might
 e - 3 potions of lignification
 f - a potion of berserk rage
 g - a potion of flight
 k - 4 potions of curing
 m - a potion of ambrosia
 o - 4 potions of cancellation
 v - 3 potions of heal wounds
 z - a potion of magic


   Skills:
 - Level 5.0 Fighting
 * Level 13.6 Polearms
 - Level 3.2 Armour
 - Level 3.6 Shields


You had 9 spell levels left.
You didn't know any spells.
Your spell library contained the following spells:

 Spells                   Type           Power      Damage    Failure   Level
 Animate Skeleton         Necr           0%         N/A       97%         1
 Apportation              Tloc           0%         N/A       97%         1
 Corona                   Hex            0%         N/A       97%         1
 Sandblast                Erth           0%         2d4       97%         1
 Summon Small Mammal      Summ           0%         N/A       97%         1
 Passwall                 Tmut/Erth      0%         N/A       99%         2
 Stone Arrow              Conj/Erth      0%         3d7       100%        3
 Petrify                  Tmut/Erth      0%         N/A       100%        4
 Lee's Rapid Deconstruct  Erth           0%         3d5*      100%        5


Dungeon Overview and Level Annotations

Branches:
Dungeon (8/15)             Temple (1/1) D:4           Sewer (visited)
   Lair: D:8-11

Altars:
Ashenzari
Elyvilon
Fedhas
Gozag
Hepliaklqana
Makhleb
Okawaru
Qazlal
Ru
Trog
Uskayaw
Xom
Zin
Beogh

Shops:
D:5 *:((?


Innate Abilities, Weirdness & Mutations

You cannot be hasted, slowed, berserked, paralysed or teleported.
You can dig through walls and to a lower floor.
You have a pair of large antennae on your head. (SInv)
Your four strong arms can wield two-handed weapons with a shield.


Message History

There is a stone staircase leading down here.
You now have 837 gold pieces (gained 12).
Found a great mace.
k - 4 potions of curing (gained 1)
You now have 853 gold pieces (gained 16).
You now have 868 gold pieces (gained 15).
Found a stone staircase leading down.
Found a stone staircase leading up.
You now have 880 gold pieces (gained 12).
Found 14 bolts. 3 wights come into view.
There are monsters nearby!
A centaur warrior and a wight come into view.
The centaur warrior shouts!
The centaur warrior wields a +0 shortbow.
The centaur warrior shoots an arrow.
The arrow hits you!
The centaur warrior shoots an arrow.
The arrow hits you!!
You throw a boomerang. The boomerang hits the wight.
The wight is lightly damaged.
The centaur warrior shoots an arrow.
The arrow hits you!
The centaur warrior shoots an arrow.
The arrow hits you.
You extend your mandibles.
You dig through the rock wall.
An orc comes into view. It is wielding a +0 dagger.
The orc shouts!
Found a roughly hewn altar of Beogh.
You retract your mandibles.
Okay, then.
You extend your mandibles.
You dig through the rock wall.
You dig through the rock wall.
You dig through the rock wall.
The orc closely misses you.
The centaur warrior shoots an arrow.
The arrow hits you! The orc hits you but does no damage.
You retract your mandibles.
The centaur warrior shoots an arrow.
You block the arrow.
The centaur warrior shoots an arrow.
The arrow hits you.
The centaur warrior shoots an arrow.
The arrow hits you!!
You die...
Your body crumbles into a pile of gold.

#..._....#{#..........#.
###.#####.......##z##.........#
........#......{##c##.#.#######
...................##.#.#
........#.............#.# #..
........#######.#.....#.### #..
........###...o#..........# #..
.......$..............#.#.####..
........###....@.............#..
.......)###....#......#.#.##.#..
#......).)#....#.#......#.##.#..
#.#######)#....#........#.##.#..
# #.)#....#.#...#..#.##....
#######)#......#.##.....##.#..
..........[..........>.....#..
######.))###.#...)..#.####.#.#
#...))))#..#####.# #.#.#


You could see a centaur warrior, a wight and an orc.

Vanquished Creatures
  Maggie (D:7)
  Menkaure (D:7)
  An acid dragon (D:8)
  A water moccasin (D:7)
  4 orc warriors (D:8)
  3 sky beasts
  3 black bears
  3 necrophages
  2 ogres (D:8)
  A phantom (D:6)
  A bullfrog (D:6)
  5 kobold brigands
  A wyvern zombie (D:7)
  2 scorpions
  2 wyvern skeletons (D:7)
  3 killer bees (D:7)
  3 centaur zombies
  4 hounds
  A gnoll shaman (D:6)
  4 orc priests
  2 centaur skeletons (D:6)
  Ijyb (D:3)
  4 iguanas
  3 orc wizards
  A hound zombie (D:5)
  2 howler monkey zombies (D:5)
  10 gnolls
  16 adders
  3 river rats
  2 ufetubi
  An adder skeleton (D:4)
  A worm (Sewer)
  2 dart slugs
  34 orcs
  5 ball pythons
  8 bats
  10 endoplasms
  5 giant cockroaches
  5 goblins
  3 hobgoblins
  3 jackals (D:4)
  12 kobolds
  3 quokkas
  4 frilled lizards
  A jackal skeleton (D:4)
  7 rats
194 creatures vanquished.

Notes
Turn   | Place    | Note
-------+----------+-------------------------------------------
     0 | D:1      | Delamore the Formicid Fighter began the quest for the Orb.
     0 | D:1      | Reached XP level 1. HP: 18/18 MP: 1/1
   143 | D:1      | Reached XP level 2. HP: 13/24 MP: 2/2
   526 | D:2      | Reached skill level 3 in Polearms
   526 | D:2      | Reached XP level 3. HP: 30/30 MP: 3/3
   820 | D:2      | Reached XP level 4. HP: 30/37 MP: 4/4
  1380 | D:3      | Noticed Ijyb
  1586 | D:3      | Killed Ijyb
  1587 | D:3      | Reached skill level 4 in Polearms
  1587 | D:3      | Reached XP level 5. HP: 18/42 MP: 5/5
  2823 | D:4      | Noticed a necrophage
  2828 | D:3      | Reached XP level 6. HP: 26/49 MP: 6/6
  2997 | D:2      | HP: 1/49 [poisoned by a gnoll]
  3318 | D:3      | Killed a necrophage
  3319 | D:3      | Reached skill level 5 in Fighting
  3319 | D:3      | Reached skill level 5 in Polearms
  3467 | D:4      | Found a shimmering altar of Xom.
  3467 | D:4      | Found a sacrificial altar of Ru.
  3500 | D:4      | Noticed a necrophage
  3506 | D:4      | Killed a necrophage
  3507 | D:4      | Reached skill level 6 in Polearms
  3507 | D:4      | Reached XP level 7. HP: 56/56 MP: 7/7
  4717 | D:4      | Reached skill level 7 in Polearms
  4991 | D:4      | Found a staircase to the Ecumenical Temple.
  5008 | Temple   | Entered the Ecumenical Temple
  5035 | Temple   | Became a worshipper of Gozag Ym Sagoz the Greedy
  5175 | D:5      | Entered Level 5 of the Dungeon
  5250 | D:5      | Found Wojyliett's General Store.
  5329 | D:5      | Found a glowing drain.
  5333 | Sewer    | Entered a sewer
  5542 | Sewer    | Reached XP level 8. HP: 44/62 MP: 8/8
  5730 | Sewer    | Reached skill level 8 in Polearms
  6296 | D:5      | Reached skill level 9 in Polearms
  6296 | D:5      | Found Coda's Weapon Emporium.
  6488 | D:5      | Found Repsampi's Book Shop.
  6671 | D:5      | Found Hinit's Antique Weapon Shoppe.
  6812 | D:5      | Found Jakloack's Magic Scroll Shop.
  6817 | D:5      | Bought a scroll of fear for 49 gold pieces
  6817 | D:5      | Bought a scroll of identify for 28 gold pieces
  6817 | D:5      | Bought a scroll of identify for 28 gold pieces
  6817 | D:5      | Bought a scroll of identify for 28 gold pieces
  6817 | D:5      | Bought a scroll of magic mapping for 49 gold pieces
  6950 | D:6      | Reached skill level 10 in Polearms
  7076 | D:6      | Reached XP level 9. HP: 68/68 MP: 9/9
  7586 | D:6      | Reached skill level 11 in Polearms
  8159 | D:7      | Noticed Maggie
  8175 | D:7      | Killed Maggie
  8176 | D:7      | Reached skill level 12 in Polearms
  8294 | D:7      | Noticed Menkaure
  8303 | D:7      | Killed Menkaure
  8304 | D:7      | Reached XP level 10. HP: 40/74 MP: 10/10
  8938 | D:8      | Reached skill level 13 in Polearms
  9182 | D:8      | Noticed a centaur warrior
  9197 | D:8      | Shot with an arrow by a centaur warrior

Illustrated notes

Levels and vault maps discovered:
D:1:      tarquinn_simple_flora_water_e, layout_basic, serial_bayou_crossing
D:2:      layout_basic, hex_medium
D:3:      layout_basic, grunt_decor_mini_mirrors, minmay_pentangle, uniq_ijyb
D:4:      layout_basic, chequers_temple_overflow_statue_of_worship,
          lemuel_temple_firewalk_b, minivault_19
D:5:      layout_gridville, serial_shops, shop, shop, nicolae_take_the_stairs,
          shop, shop_fountains, gup_sewer_entry_bowl,
          chequers_serial_rivers_room_b
D:6:      layout_basic, minmay_misc_feat_ornament
D:7:      layout_gridville, uniq_menkaure, uniq_maggie
D:8:      layout_basic, minitemple, special_room [special_room_orc]
Temple:   minmay_temple_bridge_abc

Skill      XL: |  1  2  3  4  5  6  7  8  9 10 |
---------------+-------------------------------+-----
Polearms       | 3 4 6 7 10 12 13 | 13.6
Fighting       | 4 5 |  5.0
Armour         | |  3.2
Shields        | |  3.6

Action                   |  1- 3 |  4- 6 |  7- 9 | 10-12 || total
-------------------------+-------+-------+-------+-------++-------
Melee: Trident           |    42 |   206 |   533 |   141 ||   922
       Unarmed           |       |    28 |       |       ||    28
Throw: Boomerang         |       |       |    17 |     9 ||    26
 Abil: Dig               |       |     1 |     2 |     3 ||     6
Evoke: Wand              |       |       |     2 |       ||     2
  Use: Scroll            |     3 |     5 |     8 |       ||    16
       Potion            |       |     3 |       |       ||     3
 Stab: Confused          |       |     1 |       |       ||     1
       Distracted        |       |       |     2 |     1 ||     3
       Paralysed         |       |       |    11 |       ||    11
Armor: Scale mail        |    14 |    68 |    33 |       ||   115
       Skin              |       |     7 |       |       ||     7
       Chain mail        |       |       |   147 |    21 ||   168
Dodge: Dodged            |     5 |   110 |   119 |    31 ||   265
Block: Kite shield       |    15 |    53 |       |       ||    68
       Buckler           |       |    17 |    82 |     8 ||   107

Table legend: (Time is in decaauts)
 A = Elapsed time spent in this place.
 B = Non-inter-level travel time spent in this place.
 C = Inter-level travel time spent in this place.
 D = Time resting spent in this place.
 E = Time spent auto-exploring this place.
 F = Levels seen in this place.
 G = Mean time per level.
                   A        B        C        D        E       F      G
               +--------+--------+--------+--------+--------+-----+--------+
         Total |   9223 |   8869 |    354 |   1233 |   5959 |  10 |  922.3 |
       Dungeon |   8268 |   7939 |    329 |   1233 |   5233 |   8 | 1033.5 |
        Temple |     48 |     23 |     25 |      0 |     21 |   1 |   48.0 |
         Sewer |    906 |    906 |      0 |      0 |    704 |   1 |  906.0 |
               +--------+--------+--------+--------+--------+-----+--------+

Top non-repeatable levels by time:
     D:4: 1702 daAuts
     D:3: 1637 daAuts
     D:2: 1336 daAuts
     D:6: 970 daAuts
     D:7: 914 daAuts
   Sewer: 906 daAuts
     D:5: 838 daAuts
     D:1: 537 daAuts
     D:8: 331 daAuts
  Temple: 48 daAuts
